 Dungeon Crawl Stone Soup version 0.28-a0-998-gb9e9c7b67e (webtiles) character file.

Game seed: 2977832659836912830

454 ytrimaz the Insei (level 7, -7/43 HPs)
             Began as an Octopode Transmuter on Dec 5, 2021.
             Was a Believer of Dithmenos.
             Mangled by an orc (9 damage)
             ... on level 4 of the Dungeon.
             The game lasted 00:05:03 (4435 turns).

ytrimaz the Insei (Octopode Transmuter)             Turns: 4435, Time: 00:05:04

Health: -7/43      AC:  1    Str:  9    XL:     7   Next: 5%
Magic:  12/12      EV: 13    Int: 17    God:    Dithmenos [**....]
Gold:   151        SH:  0    Dex: 13    Spells: 5/13 levels left

rFire   . . .      SeeInvis .     - Unarmed
rCold   . . .      Faith    .   (no shield)
rNeg    . . .      Spirit   .   (helmet currently unavailable)
rPois   .          Reflect  .   (no amulet)
rElec   .          Harm     .   (no ring)
rCorr   .          Rampage  .   (no ring)
Will    .....                   (no ring)
Stlth   ++++......              (no ring)
HPRegen 0.14/turn               (no ring)
MPRegen 0.13/turn               (no ring)
                                (no ring)
                                (no ring)

@: appendages, wreathed by umbra
A: tentacle spike 3, almost no armour, amphibious, 8 rings, camouflage 1,
gelatinous body 1, (nimble swimmer 1), tentacles
a: End Transformation, Renounce Religion, Shadow Step


You were on level 4 of the Dungeon.
You worshipped Dithmenos.
Dithmenos was pleased with you.
One of your tentacles had grown a beastly spike.
You visited 1 branch of the dungeon, and saw 4 of its levels.

You collected 151 gold pieces.

Inventory:

Potions
 a - a potion of cancellation {unknown}


   Skills:
 - Level 1.0 Fighting
 - Level 2.0 Dodging
 + Level 3.2 Stealth
 + Level 4.6 Unarmed Combat
 * Level 3.7 Spellcasting
 * Level 4.5 Transmutations
 - Level 0.1 Ice Magic
 - Level 0.1 Poison Magic
 * Level 0.2 Invocations


You had 5 spell levels left.
You knew the following spells:

 Your Spells              Type           Power      Damage    Failure   Level
a - Beastly Appendage     Tmut           36%        N/A       2%          1
b - Spider Form           Tmut/Pois      11%        N/A       19%         3
c - Ice Form              Ice/Tmut       11%        N/A       52%         4

Your spell library contained the following spells:

 Spells                   Type           Power      Damage    Failure   Level
 Wereblood                Tmut           18%        N/A       3%          2
 Dazzling Flash           Conj/Hex       6%         N/A       43%         3
 Gell's Gravitas          Tloc           3%         N/A       43%         3
 Lesser Beckoning         Tloc           3%         N/A       43%         3
 Teleport Other           Tloc           3%         N/A       43%         3
 Iskenderun's Mystic Bla  Conj/Tloc      3%         2d3       85%         4
 Starburst                Conj/Fire      1%         6d3       100%        6


Dungeon Overview and Level Annotations

Branches:
Dungeon (4/15)
 Temple: D:4-7

Altars:
Dithmenos
Wu Jian
Yredelemnul
The Shining One

Shops:
D:1 *   D:2 [=


Innate Abilities, Weirdness & Mutations

One of your tentacles has grown a beastly spike.
You cannot wear most types of armour.
You are amphibious.
You can wear up to eight rings at the same time.
Your skin changes colour to match your surroundings (Stealth+).
Your rubbery body absorbs attacks. (AC +1, EV +1)
((You are camouflaged near water. (Stealth+)))
You have tentacles for arms and can constrict up to eight enemies at once.


Message History

You tentacle-slap the hobgoblin. You grab the hobgoblin.
You pierce the hobgoblin.
You kill the hobgoblin!
Dithmenos accepts your kill.
The kobold brigand throws a poisoned dart.
The poisoned dart misses you.
The kobold brigand hits you with a +0 dagger!
You bludgeon the kobold brigand! Your grab misses the kobold brigand.
Your tentacle spike misses the kobold brigand.
Your squeeze misses the kobold brigand.
The kobold brigand is moderately wounded.
The kobold brigand misses you.
You tentacle-slap the kobold brigand but do no damage.
You grab the kobold brigand.
The kobold brigand is moderately wounded.
You constrict the kobold brigand. The orc hits you with a +0 mace!
The kobold brigand completely misses you.
Unknown command.
You tentacle-slap the kobold brigand.
You pierce the kobold brigand.
The kobold brigand is heavily wounded.
You constrict the kobold brigand, but do no damage.
The orc closely misses you.
The kobold brigand hits you with a +0 dagger!
You tentacle-slap the kobold brigand but do no damage.
You pierce the kobold brigand, but do no damage.
The kobold brigand is heavily wounded.
You constrict the kobold brigand, but do no damage.
The orc hits you with a +0 mace. The kobold brigand barely misses you.
Unknown command.
You tentacle-slap the kobold brigand but do no damage.
You squeeze the kobold brigand, but do no damage.
The kobold brigand is heavily wounded.
You constrict the kobold brigand. The orc hits you with a +0 mace.
* * * LOW HITPOINT WARNING * * *
The kobold brigand hits you with a +0 dagger!
* * * LOW HITPOINT WARNING * * *
You tentacle-slap the kobold brigand but do no damage.
The kobold brigand is heavily wounded.
You constrict the kobold brigand. The orc hits you with a +0 mace!
You die...

...#####.#..........#
......#.............#
....................#...
.........................
.....#...................
##..#........#....#......
.............#....#..... .
####.##...#####.Ko....# ..
##.....##..# #@....# ...
..........## #.....#....
..≈≈......# ##.......#
..≈≈..##..# ##..#..##
......##...# #..##..
...........#######...#..#.
♣♣.._......#..............
♣♣.....##.[#.#####........
.......##..#.# ##.......


You could see a kobold brigand and an orc.

Vanquished Creatures
  Grinder (D:4)
  A necrophage (D:3)
  2 hounds (D:4)
  An iguana (D:4)
  An adder (D:2)
  2 worms (D:2)
  2 dart slugs (D:1)
  4 bats
  7 endoplasms
  5 giant cockroaches
  4 goblins
  7 hobgoblins
  4 jackals (D:4)
  2 quokkas
  7 ball pythons
  5 frilled lizards
  4 kobolds
  3 rats
62 creatures vanquished.

Notes
Turn   | Place    | Note
-------+----------+-------------------------------------------
     0 | D:1      | ytrimaz the Octopode Transmuter began the quest for the
                  | Orb.
     0 | D:1      | Reached XP level 1. HP: 13/13 MP: 3/3
   144 | D:1      | Reached XP level 2. HP: 10/18 MP: 5/5
   504 | D:1      | Found Qen Iruw's Assorted Antiques.
   694 | D:1      | Reached XP level 3. HP: 19/23 MP: 4/6
   777 | D:1      | Learned a level 3 spell: Spider Form
   909 | D:2      | HP: 1/23 [constriction (1)]
  1241 | D:2      | Found a faded altar of an unknown god.
  1245 | D:2      | Found Rehomot's One-of-a-Kind Rings.
  1263 | D:2      | Prayed at the altar of an unknown god.
  1263 | D:2      | Became a worshipper of Dithmenos the Shadowed
  1263 | D:2      | Reached * piety under Dithmenos
  1289 | D:2      | Reached skill level 1 in Stealth
  2141 | D:2      | Reached XP level 4. HP: 10/28 MP: 5/7
  2386 | D:2      | Found Rufim's Antique Armour Emporium.
  2440 | D:3      | Found a basalt altar of Yredelemnul.
  2878 | D:3      | Noticed a necrophage
  2896 | D:3      | Killed a necrophage
  2897 | D:3      | Reached XP level 5. HP: 9/33 MP: 5/9
  2904 | D:3      | Learned a level 4 spell: Ice Form
  3185 | D:3      | Found a glowing golden altar of the Shining One.
  3859 | D:4      | Noticed Grinder
  3870 | D:4      | Paralysed by Grinder for 5 turns
  3876 | D:4      | Reached ** piety under Dithmenos
  3892 | D:4      | HP: 1/33 [Grinder (5)]
  3895 | D:4      | Killed Grinder
  3896 | D:4      | Reached XP level 6. HP: 2/38 MP: 3/11
  4298 | D:4      | Reached XP level 7. HP: 38/43 MP: 12/12
  4383 | D:4      | Found an ornate altar of the Wu Jian Council.
  4434 | D:4      | HP: 2/43 [kobold brigand (9)]
  4435 | D:4      | Mangled by an orc

Illustrated notes

Levels and vault maps discovered:
D:1:      dpeg_arrival_more_subterranean_lakeside_camping, layout_rooms,
          serial_shops, shop, st_stairs_6
D:2:      layout_basic, serial_shops, nicolae_shop_hallway_plus,
          basic_ecumenical_altar, nicolae_shop_unique_rings, grunt_ministairs_3,
          nicolae_underground_beach
D:3:      layout_loops_cross, mainiacjoe_overflow_brackets,
          mainiacjoe_overflow_catwalk, minmay_misc_feat_alley
D:4:      layout_cave_pools, nicolae_wu_jian_wuxing_cycle, minmay_manual_moon,
          uniq_grinder

Skill      XL: |  1  2  3  4  5 |
---------------+----------------+-----
Stealth        | 1 2 3 |  3.2
Unarmed Combat | 4 |  4.6
Spellcasting   | 3 |  3.7
Transmutations | 3 4 |  4.5
Fighting       | |  1.0
Dodging        | |  2.0
Ice Magic      | |  0.1
Poison Magic   | |  0.1
Invocations    | |  0.2

Action                   |  1- 3 |  4- 6 |  7- 9 || total
-------------------------+-------+-------+-------++-------
Melee: Unarmed           |    91 |    63 |     8 ||   162
       Kick              |    19 |     9 |     3 ||    31
       Constrict         |    26 |    11 |     2 ||    39
       Tentacles         |    15 |    12 |     2 ||    29
       Punch             |       |     1 |       ||     1
 Cast: Beastly Appendage |    20 |    10 |     2 ||    32
       Spider Form       |       |     1 |       ||     1
  Use: Scroll            |     4 |       |       ||     4
       Potion            |     4 |     2 |       ||     6
 Stab: Sleeping          |     8 |     3 |       ||    11
Armor: Skin              |    10 |     2 |       ||    12
Dodge: Dodged            |    50 |    32 |     7 ||    89

Table legend: (Time is in decaauts)
 A = Elapsed time spent in this place.
 B = Non-inter-level travel time spent in this place.
 C = Inter-level travel time spent in this place.
 D = Time resting spent in this place.
 E = Time spent auto-exploring this place.
 F = Levels seen in this place.
 G = Mean time per level.
                   A        B        C        D        E       F      G
               +--------+--------+--------+--------+--------+-----+--------+
         Total |   4424 |   4321 |    103 |    947 |   2679 |   4 | 1106.0 |
       Dungeon |   4424 |   4321 |    103 |    947 |   2679 |   4 | 1106.0 |
               +--------+--------+--------+--------+--------+-----+--------+

Top non-repeatable levels by time:
     D:2: 1546 daAuts
     D:3: 1167 daAuts
     D:1: 874 daAuts
     D:4: 837 daAuts
